 Dungeon Crawl Stone Soup version 0.27-a0-906-g0a00ce863d (webtiles) character file.

Game seed: 5975673542725241001

10 Alarkh the Insei (level 2, 22/22 HPs)
             Began as a Demonspawn Gladiator on Apr 7, 2021.
             Got out of the dungeon alive.
             The game lasted 00:00:25 (179 turns).

Alarkh the Insei (Demonspawn Gladiator)              Turns: 179, Time: 00:00:26

Health: 22/22      AC:  3    Str: 14    XL:     2   Next: 10%
Magic:  2/2        EV: 12    Int:  9    God:
Gold:   9          SH:  0    Dex: 14    Spells: 1/1 levels left

rFire    . . .     SeeInvis .     - Unarmed
rCold    . . .     Faith    .   (no shield)
rNeg     . . .     Spirit   .   a - +0 leather armour
rPois    .         Reflect  .   (helmet restricted)
rElec    .         Harm     .   (no cloak)
rCorr    .         Rampage  .   (no gloves)
Will     .....                  (no boots)
Stlth    +.........             (no amulet)
HPRegen  0.07/turn              (no ring)
MPRegen  0.08/turn              (no ring)

@: no status effects
A: antennae 1
a: no special abilities


You escaped.
You visited 1 branch of the dungeon, and saw 1 of its levels.

You collected 9 gold pieces.

Inventory:

Missiles
 c - 3 throwing nets (quivered)
Armour
 a - a +0 leather armour (worn)
 b - a +0 helmet
Scrolls
 d - a scroll of enchant weapon {unknown}


   Skills:
 + Level 2.3 Fighting
 - Level 1.7 Throwing
 - Level 2.6 Dodging
 * Level 3.1 Unarmed Combat


You had one spell level left.
You didn't know any spells.
Your spell library was empty.

Dungeon Overview and Level Annotations

Branches:
Dungeon (1/15)

Altars:

Shops:
D:1 (


Innate Abilities, Weirdness & Mutations

You have a pair of small antennae on your head.


Message History

No target in view!
Found a stone staircase leading down.
A hobgoblin comes into view.
A hobgoblin is nearby!
An endoplasm comes into view.
The hobgoblin hits you.
You hit the hobgoblin but do no damage. The hobgoblin closely misses you.
You hit the hobgoblin but do no damage. The hobgoblin barely misses you.
You closely miss the hobgoblin.
The endoplasm quivers.
The hobgoblin hits you but does no damage.
You hit the hobgoblin.
The hobgoblin is heavily wounded.
You hit the hobgoblin.
You kill the hobgoblin!
You have reached level 2!
You feel monstrous as your demonic heritage exerts itself.
Your demonic ancestry asserts itself...
A pair of antennae grows on your head!
Your +0 helmet falls away!
You hit the endoplasm but do no damage. You punch the endoplasm.
The endoplasm is heavily wounded.
The endoplasm barely misses you.
You hit the endoplasm.
You kill the endoplasm!
No target in view!
No target in view!
No target in view!
No target in view!
No target in view!
No target in view!
No target in view!
No target in view!
You see here a +0 robe.
Things that are here:
a giant cockroach corpse; a jackal corpse HP restored.
There is a staircase leading out of the dungeon here.
Are you sure you want to leave the Dungeon?
This will make you lose the game!
You have escaped!

## # ..######
...... #.#.PP
###### ####.#..∩
##....####........
#......##.........
##..##..##..#######
#.@..#..##..#
#....#..##..#
##..##..##..#
...##......#
...####....## ##
#### ###### . ### #
########.# #
.........######


There were no monsters in sight!

Vanquished Creatures
  3 endoplasms (D:1)
  A giant cockroach (D:1)
  A hobgoblin (D:1)
  A jackal (D:1)
  2 ball pythons (D:1)
  A frilled lizard (D:1)
9 creatures vanquished.

Notes
Turn   | Place    | Note
-------+----------+-------------------------------------------
     0 | D:1      | Alarkh the Demonspawn Gladiator began the quest for the
                  | Orb.
     0 | D:1      | Reached XP level 1. HP: 16/16 MP: 1/1
    16 | D:1      | Found Rimnaleg's Antique Weapon Emporium.
    67 | D:1      | Reached skill level 3 in Unarmed Combat
   120 | D:1      | Gained mutation: You have a pair of small antennae on your
                  | head. [demonic ancestry]
   120 | D:1      | Reached XP level 2. HP: 19/22 MP: 2/2
   179 | D:$      | Got out of the dungeon alive.

Illustrated notes

Levels and vault maps discovered:
D:1:      minmay_arrival_wavy_path, layout_loops_ring, serial_shops,
          nicolae_shop_overgrown_old_shop, shapermc_ecumenical_altar_notcrosses,
          minmay_strange_pillars, minmay_hexomino_c4

Skill      XL: |  1 |
---------------+----+-----
Unarmed Combat | 3 |  3.1
Fighting       | |  2.3
Throwing       | |  1.7
Dodging        | |  2.6

Action                   || total
-------------------------++-------
Melee: Unarmed           ||    24
       Punch             ||     1
Armor: Leather armour    ||     6
Dodge: Dodged            ||     7

Table legend: (Time is in decaauts)
 A = Elapsed time spent in this place.
 B = Non-inter-level travel time spent in this place.
 C = Inter-level travel time spent in this place.
 D = Time resting spent in this place.
 E = Time spent auto-exploring this place.
 F = Levels seen in this place.
 G = Mean time per level.
                   A        B        C        D        E       F      G
               +--------+--------+--------+--------+--------+-----+--------+
         Total |    177 |    122 |     55 |      0 |     84 |   1 |  177.0 |
       Dungeon |    177 |    122 |     55 |      0 |     84 |   1 |  177.0 |
               +--------+--------+--------+--------+--------+-----+--------+

Top non-repeatable levels by time:
     D:1: 177 daAuts
